| TOP OF THE 1ST |
|
San Diego Padres batting - Pitching for San Francisco Giants : RHP Ronnie Sims
|
|
Pitching: RHP Ronnie Sims
|
|
|
Batting: RHB Bob Dernier
|
0-0: Ball 1-0: Called Strike 1-1: Ball 2-1: Swinging Strike 2-2: Fly out, F8 (Line Drive, 8LM, EV 90.0 MPH)
|
|
Batting: LHB Jeffrey Zitek
|
0-0: Ball 1-0: Ball 2-0: Ball 3-0: Swinging Strike 3-1: Called Strike 3-2: Strikes out swinging
|
|
Batting: LHB Mike Cole
|
0-0: Swinging Strike 0-1: Swinging Strike 0-2: Ball 1-2: Ball 2-2: Ball 3-2: Base on Balls
|
|
Batting: LHB Tom Dunbar
|
0-0: SINGLE (Line Drive, 3D, EV 95.0 MPH) Mike Cole to second Runner from 2nd tries for 3rd, SAFE, no throw by RF
|
|
Batting: RHB Joel Youngblood
|
0-0: Ball Tom Dunbar is caught stealing 2nd base 2-4
|
| Top of the 1st over - 0 runs, 1 hit, 0 errors, 1 left on base; San Diego 0 - San Francisco 0 |
| BOTTOM OF THE 1ST |
|
San Francisco Giants batting - Pitching for San Diego Padres : LHP Danny Arizola
|
|
Pitching: LHP Danny Arizola
|
|
|
Batting: SHB Kevin Bass
|
0-0: Ball 1-0: Ground out 4-3 (Groundball, 4M, EV 79.4 MPH)
|
|
Batting: LHB Ken Griffey Sr
|
0-0: Swinging Strike 0-1: Fly out, F6 (Popup, P, EV 84.4 MPH)
|
|
Batting: LHB Keith Hernandez
|
0-0: Ball 1-0: Ball 2-0: SINGLE (Groundball, 34D, EV 95.6 MPH)
|
|
Batting: RHB Phil Bailey
|
0-0: Called Strike 0-1: Ball 1-1: Foul Ball, location: 2F 1-2: Foul Ball, location: 2F 1-2: Ball 2-2: SINGLE (Line Drive, 89S, EV 88.1 MPH) Keith Hernandez to second Runner from 2nd tries for 3rd, SAFE, throw by RF made to third
|
|
Batting: RHB Don Slaught
|
0-0: Ball 1-0: Foul Ball, location: 2F 1-1: Fly out, F8 (Line Drive, 8RD, EV 88.8 MPH)
|
| Bottom of the 1st over - 0 runs, 2 hits, 0 errors, 2 left on base; San Diego 0 - San Francisco 0 |
| TOP OF THE 2ND |
|
San Diego Padres batting - Pitching for San Francisco Giants : RHP Ronnie Sims
|
|
Batting: RHB Joel Youngblood
|
0-0: Swinging Strike 0-1: DOUBLE (Groundball, 5L, EV 106.3 MPH)
|
|
Batting: LHB Darrell Porter
|
0-0: Called Strike 0-1: Ball 1-1: Ball 2-1: Foul Ball, location: 2F 2-2: Ball 3-2: Foul Ball, location: 2F 3-2: DOUBLE (Line Drive, 9LD, EV 104.4 MPH) Joel Youngblood scores
|
|
Batting: RHB Tommy Curran
|
0-0: Foul Ball, location: 2F 0-1: Foul Ball, location: 2F 0-2: Fly out, F7 (Flyball, 78S, EV 80.0 MPH)
|
|
Batting: LHB Chris Chambliss
|
0-0: Ball 1-0: Ball 2-0: Ground out U3 (Groundball, 13, EV 82.5 MPH) Darrell Porter to third
|
|
Batting: LHB Danny Arizola
|
0-0: Foul Ball, location: 2F 0-1: Fly out, F7 (Line Drive, 7, EV 87.5 MPH)
|
| Top of the 2nd over - 1 run, 2 hits, 0 errors, 1 left on base; San Diego 1 - San Francisco 0 |
| BOTTOM OF THE 2ND |
|
San Francisco Giants batting - Pitching for San Diego Padres : LHP Danny Arizola
|
|
Batting: RHB Kevin Howard
|
0-0: Ball 1-0: Foul Ball, location: 2F 1-1: Ball 2-1: Foul Ball, location: 2F 2-2: Ball 3-2: Base on Balls
|
|
Batting: RHB Dickie Thon
|
0-0: Fly out, F8 (Flyball, 8RM, EV 80.6 MPH)
|
|
Batting: RHB Billy L Smith
|
0-0: DOUBLE (Line Drive, 8RXD, EV 103.1 MPH) Kevin Howard to third Runner from 3rd tries for Home, SAFE, throw by CF to trailing runner, SAFE at third!
|
|
Batting: RHB Ronnie Sims
|
0-0: Foul Ball, location: 2F 0-1: Called Strike 0-2: Ball 1-2: Ball 2-2: Strikes out swinging
|
|
Batting: SHB Kevin Bass
|
0-0: Ball 1-0: SINGLE (Groundball, 4M, EV 100.6 MPH) (infield hit) Billy L Smith scores
|
|
Batting: LHB Ken Griffey Sr
|
0-0: Called Strike 0-1: Fielders Choice at 2nd, U4 (Groundball, 4M, EV 110.0 MPH)
|
| Bottom of the 2nd over - 2 runs, 2 hits, 0 errors, 1 left on base; San Diego 1 - San Francisco 2 |
| TOP OF THE 3RD |
|
San Diego Padres batting - Pitching for San Francisco Giants : RHP Ronnie Sims
|
|
Batting: RHB Bob Dernier
|
0-0: Called Strike 0-1: Fly out, F8 (Flyball, 8LS, EV 88.8 MPH)
|
|
Batting: LHB Jeffrey Zitek
|
0-0: Ball 1-0: Swinging Strike 1-1: Called Strike 1-2: Ball 2-2: Ball 3-2: Base on Balls
|
|
Batting: LHB Mike Cole
|
0-0: Swinging Strike 0-1: Swinging Strike 0-2: Ball Jeffrey Zitek steals 2nd base (no throw) 1-2: Strikes out swinging
|
|
Batting: LHB Tom Dunbar
|
0-0: Called Strike 0-1: Foul Ball, location: 2F 0-2: Ball 1-2: Ball 2-2: DOUBLE (Line Drive, 8RXD, EV 103.8 MPH) Jeffrey Zitek scores
|
|
Batting: RHB Joel Youngblood
|
0-0: Called Strike 0-1: Ball 1-1: Foul Ball, location: 2F 1-2: Foul Ball, location: 2F 1-2: Foul Ball, location: 2F 1-2: Strikes out looking
|
| Top of the 3rd over - 1 run, 1 hit, 0 errors, 1 left on base; San Diego 2 - San Francisco 2 |
| BOTTOM OF THE 3RD |
|
San Francisco Giants batting - Pitching for San Diego Padres : LHP Danny Arizola
|
|
Batting: LHB Keith Hernandez
|
0-0: Ball 1-0: Ball 2-0: Ball 3-0: Base on Balls
|
|
Batting: RHB Phil Bailey
|
0-0: Ball 1-0: Ball 2-0: Foul Ball, location: 2F 2-1: Fielders Choice at 2nd, 5-4 (Groundball, 56, EV 85.0 MPH)
|
|
Batting: RHB Don Slaught
|
0-0: Swinging Strike 0-1: Ball 1-1: Fly out, F4 (Line Drive, 4, EV 68.8 MPH)
|
|
Batting: RHB Kevin Howard
|
0-0: Called Strike 0-1: Ball 1-1: Ball 2-1: Foul Ball, location: 2F 2-2: Ground out 5-3 (Groundball, 56S, EV 64.4 MPH)
|
| Bottom of the 3rd over - 0 runs, 0 hits, 0 errors, 1 left on base; San Diego 2 - San Francisco 2 |
| TOP OF THE 4TH |
|
San Diego Padres batting - Pitching for San Francisco Giants : RHP Ronnie Sims
|
|
Batting: LHB Darrell Porter
|
0-0: Ball 1-0: Ball 2-0: Ground out 5-3 (Groundball, 56S, EV 78.8 MPH)
|
|
Batting: RHB Tommy Curran
|
0-0: Foul Ball, location: 2F 0-1: Ball 1-1: Swinging Strike 1-2: SINGLE (Groundball, 56D, EV 103.8 MPH)
|
|
Batting: LHB Chris Chambliss
|
0-0: Ball Wild Pitch! Tommy Curran to second 1-0: Ball 2-0: Ball 3-0: Base on Balls
|
|
Batting: LHB Danny Arizola
|
0-0: Ball 1-0: Bunt missed! 1-1: Bunted foul 1-2: Sac Bunt to 15 - play at first, batter OUT! 1-4 Tommy Curran to third Chris Chambliss to second
|
|
Batting: RHB Bob Dernier
|
0-0: Called Strike 0-1: Fly out, F3 (Flyball, 34D, EV 75.6 MPH)
|
| Top of the 4th over - 0 runs, 1 hit, 0 errors, 2 left on base; San Diego 2 - San Francisco 2 |
| BOTTOM OF THE 4TH |
|
San Francisco Giants batting - Pitching for San Diego Padres : LHP Danny Arizola
|
|
Batting: RHB Dickie Thon
|
0-0: Ball 1-0: Foul Ball, location: 2F 1-1: DOUBLE (Line Drive, 89D, EV 106.9 MPH) - OUT at third base trying to stretch hit.
|
|
Batting: RHB Billy L Smith
|
0-0: Ball 1-0: Ball 2-0: Swinging Strike 2-1: Swinging Strike 2-2: Foul Ball, location: 2F 2-2: Foul Ball, location: 2F 2-2: Strikes out swinging
|
|
Batting: RHB Ronnie Sims
|
0-0: Called Strike 0-1: Ball 1-1: Foul Ball, location: 2F 1-2: Foul Ball, location: 2F 1-2: Fly out, F7 (Flyball, 7LM, EV 97.5 MPH)
|
| Bottom of the 4th over - 0 runs, 1 hit, 0 errors, 0 left on base; San Diego 2 - San Francisco 2 |
| TOP OF THE 5TH |
|
San Diego Padres batting - Pitching for San Francisco Giants : RHP Ronnie Sims
|
|
Batting: LHB Jeffrey Zitek
|
0-0: Called Strike 0-1: Foul Ball, location: 2F 0-2: Fly out, F7 (Flyball, 7D, EV 95.0 MPH)
|
|
Batting: LHB Mike Cole
|
0-0: Ball 1-0: Ball 2-0: Called Strike 2-1: Called Strike 2-2: Ball 3-2: Base on Balls
|
|
Batting: LHB Tom Dunbar
|
0-0: Ball 1-0: Ball 2-0: Ball 3-0: Called Strike 3-1: Fly out, F5 (Line Drive, 5, EV 62.5 MPH)
|
|
Batting: RHB Joel Youngblood
|
0-0: Ball 1-0: Ball Mike Cole is caught stealing 2nd base 2-4
|
| Top of the 5th over - 0 runs, 0 hits, 0 errors, 0 left on base; San Diego 2 - San Francisco 2 |
| BOTTOM OF THE 5TH |
|
San Francisco Giants batting - Pitching for San Diego Padres : LHP Danny Arizola
|
|
Batting: SHB Kevin Bass
|
0-0: Swinging Strike 0-1: Fly out, F9 (Flyball, 89M, EV 98.8 MPH)
|
|
Batting: LHB Ken Griffey Sr
|
0-0: Ball 1-0: Ball 2-0: Ball 3-0: Called Strike 3-1: Base on Balls
|
|
Batting: LHB Keith Hernandez
|
0-0: Foul Ball, location: 2F 0-1: SINGLE (Groundball, 56D, EV 97.5 MPH) Ken Griffey Sr to second Runner from 2nd tries for 3rd, SAFE, no throw by LF
|
|
Batting: RHB Phil Bailey
|
0-0: Ball 1-0: Foul Ball, location: 2F 1-1: Ball 2-1: Fly out, F8 (Flyball, 78M, EV 91.9 MPH) Runner from 3rd tags up, SCORES, no throw by CF
|
|
Batting: RHB Don Slaught
|
0-0: Ball 1-0: Ball 2-0: SINGLE (Groundball, 6MD, EV 94.4 MPH) Keith Hernandez to second Runner from 2nd tries for 3rd, SAFE, throw by CF made to third
|
|
Batting: RHB Kevin Howard
|
0-0: Foul Ball, location: 2F 0-1: Ball 1-1: Ground out 1-3 (Groundball, 13S, EV 70.6 MPH)
|
| Bottom of the 5th over - 1 run, 2 hits, 0 errors, 2 left on base; San Diego 2 - San Francisco 3 |
| TOP OF THE 6TH |
|
San Diego Padres batting - Pitching for San Francisco Giants : RHP Ronnie Sims
|
|
Batting: RHB Joel Youngblood
|
0-0: Ground out 5-3 (Groundball, 56, EV 84.4 MPH)
|
|
Batting: LHB Darrell Porter
|
0-0: Ball 1-0: Ball 2-0: Fly out, F9 (Flyball, 89D, EV 97.5 MPH)
|
|
Batting: RHB Tommy Curran
|
0-0: Foul Ball, location: 2F 0-1: Foul Ball, location: 2F 0-2: Ball 1-2: Foul Ball, location: 2F 1-2: Foul Ball, location: 2F 1-2: Ball 2-2: Ball 3-2: Foul Ball, location: 2F 3-2: Strikes out looking
|
| Top of the 6th over - 0 runs, 0 hits, 0 errors, 0 left on base; San Diego 2 - San Francisco 3 |
| BOTTOM OF THE 6TH |
|
San Francisco Giants batting - Pitching for San Diego Padres : LHP Danny Arizola
|
|
Batting: RHB Dickie Thon
|
0-0: Foul Ball, location: 2F 0-1: Foul Ball, location: 2F 0-2: Foul Ball, location: 2F 0-2: SOLO HOME RUN (Flyball, 9LD, EV 97.5 MPH), Distance : 354 ft
|
|
Batting: RHB Billy L Smith
|
0-0: Ball 1-0: Ball 2-0: Swinging Strike 2-1: Ball 3-1: Called Strike 3-2: SOLO HOME RUN (Flyball, 7LD, EV 101.3 MPH), Distance : 369 ft
|
|
Batting: RHB Ronnie Sims
|
0-0: Called Strike 0-1: Foul Ball, location: 2F 0-2: Ball 1-2: Foul Ball, location: 2F 1-2: Ball 2-2: Foul Ball, location: 2F 2-2: Ball 3-2: Foul Ball, location: 2F 3-2: Foul Ball, location: 2F 3-2: Strikes out swinging
|
|
Batting: SHB Kevin Bass
|
0-0: Ball 1-0: Swinging Strike 1-1: Ball 2-1: Ball 3-1: Fly out, F8 (Flyball, 89S, EV 91.3 MPH)
|
|
Batting: LHB Ken Griffey Sr
|
0-0: Called Strike 0-1: Ball 1-1: SINGLE (Line Drive, 8LS, EV 95.6 MPH)
|
|
Pitching: LHP Ed Vande Berg
|
|
|
Now in RF: Kelvin Moore
|
|
|
Batting: LHB Keith Hernandez
|
0-0: Ball 1-0: Called Strike Ken Griffey Sr steals 2nd base (no throw) 1-1: Ball 2-1: Ball 3-1: Fly out, F7 (Flyball, 7LM, EV 83.1 MPH)
|
| Bottom of the 6th over - 2 runs, 3 hits, 0 errors, 1 left on base; San Diego 2 - San Francisco 5 |
| TOP OF THE 7TH |
|
San Diego Padres batting - Pitching for San Francisco Giants : RHP Ronnie Sims
|
|
Batting: LHB Chris Chambliss
|
0-0: Ball 1-0: Fly out, F7 (Flyball, 7D, EV 101.9 MPH)
|
|
Batting: RHB Kelvin Moore
|
0-0: Ball 1-0: Foul Ball, location: 2F 1-1: Ball 2-1: Fly out, F9 (Flyball, 9, EV 88.8 MPH)
|
|
Batting: RHB Bob Dernier
|
0-0: Foul Ball, location: 2F 0-1: Ball 1-1: Fly out, F9 (Flyball, 9D, EV 97.5 MPH)
|
| Top of the 7th over - 0 runs, 0 hits, 0 errors, 0 left on base; San Diego 2 - San Francisco 5 |
| BOTTOM OF THE 7TH |
|
San Francisco Giants batting - Pitching for San Diego Padres : LHP Ed Vande Berg
|
|
Batting: RHB Phil Bailey
|
0-0: Ball 1-0: Foul Ball, location: 2F 1-1: Ball 2-1: Called Strike 2-2: Ball 3-2: Ground out U3 (Groundball, 34S, EV 85.6 MPH)
|
|
Batting: RHB Don Slaught
|
0-0: Ball 1-0: DOUBLE (Flyball, 89XD, EV 105.6 MPH)
|
|
Batting: RHB Kevin Howard
|
0-0: Fly out, F8 (Line Drive, 8LD, EV 88.1 MPH)
|
|
Batting: RHB Dickie Thon
|
0-0: Ground out 2-3 (Groundball, 15S, EV 68.1 MPH)
|
| Bottom of the 7th over - 0 runs, 1 hit, 0 errors, 1 left on base; San Diego 2 - San Francisco 5 |
| TOP OF THE 8TH |
|
San Diego Padres batting - Pitching for San Francisco Giants : RHP Ronnie Sims
|
|
Pitching: LHP Doug Capilla
|
|
|
Batting: LHB Jeffrey Zitek
|
0-0: Ball 1-0: Swinging Strike 1-1: Foul Ball, location: 2F 1-2: Strikes out swinging
|
|
Batting: LHB Mike Cole
|
0-0: Called Strike 0-1: Swinging Strike 0-2: Ball 1-2: Foul Ball, location: 2F 1-2: Ball 2-2: Strikes out looking
|
|
Batting: LHB Tom Dunbar
|
0-0: Ball 1-0: Called Strike 1-1: Foul Ball, location: 2F 1-2: Ball 2-2: Foul Ball, location: 2F 2-2: Strikes out swinging
|
| Top of the 8th over - 0 runs, 0 hits, 0 errors, 0 left on base; San Diego 2 - San Francisco 5 |
| BOTTOM OF THE 8TH |
|
San Francisco Giants batting - Pitching for San Diego Padres : LHP Ed Vande Berg
|
|
Batting: RHB Billy L Smith
|
0-0: Ground out 5-3 (Groundball, 5, EV 76.3 MPH)
|
|
Pinch Hitting: SHB Tyler O'Dell
|
0-0: Called Strike 0-1: Ball 1-1: Ground out 6-3 (Groundball, 56, EV 80.6 MPH)
|
|
Batting: SHB Kevin Bass
|
0-0: Foul Ball, location: 2F 0-1: Ball 1-1: Fly out, F8 (Flyball, 89XD, EV 101.3 MPH)
|
| Bottom of the 8th over - 0 runs, 0 hits, 0 errors, 0 left on base; San Diego 2 - San Francisco 5 |
| TOP OF THE 9TH |
|
San Diego Padres batting - Pitching for San Francisco Giants : LHP Doug Capilla
|
|
Pitching: RHP Ross Davis
|
|
|
Now in CF: Doug Frobel
|
|
|
Batting: RHB Joel Youngblood
|
0-0: Called Strike 0-1: Foul Ball, location: 2F 0-2: Ball 1-2: Strikes out swinging
|
|
Batting: LHB Darrell Porter
|
0-0: Called Strike 0-1: Fly out, F7 (Flyball, 78M, EV 91.9 MPH)
|
|
Pinch Hitting: RHB Dave Edler
|
0-0: Swinging Strike 0-1: Foul Ball, location: 2F 0-2: Ball 1-2: Foul Ball, location: 2F 1-2: Foul Ball, location: 2F 1-2: Ball 2-2: Ball 3-2: Strikes out swinging
|
| Top of the 9th over - 0 runs, 0 hits, 0 errors, 0 left on base; San Diego 2 - San Francisco 5 |
|